[Event "*** SCC Grand Prix: Titled Tuesday Blitz"]
[Site "Chess.com"]
[Date "2020.06.02"]
[Round "1"]
[White "Perecke"]
[Black "SahaNeelash"]
[Result "0-1"]
[WhiteElo "2172"]
[BlackElo "2533"]
[TimeControl "180+1"]
[EndTime "10:05:56 PDT"]
[Termination "SahaNeelash won by resignation"]

1. e4 c6 2. Nf3 d5 3. Nc3 dxe4 4. Nxe4 Nf6 5. Nxf6+ exf6 6. d4 Bd6 7. Bd3 O-O 8.
O-O Bg4 9. Re1 Nd7 10. h3 Bh5 11. c3 Re8 12. Bd2 Nf8 13. Rxe8 Qxe8 14. Qe2 Qxe2 15. Bxe2 Re8 16. Kf1 Ne6 17. g3 f5 18. Re1 Kf8 19.
Nh4 Bxe2+ 20. Rxe2 f4 21. g4 g6 22. Nf3 f6 23. Ke1 Kf7 24. Kd1 Rd8 25. Kc2 Bc7 26. h4 c5 27. dxc5 Nxc5 28. g5 Ne6 29. gxf6 Kxf6 30. Ng5 Nxg5 31. hxg5+ Kxg5 32. Re7 Bb6 33. Rxh7 Bxf2 34. Rf7 Be3 35. Bxe3 fxe3 36. Rxb7 Rd2+ 37. Kc1 Rg2 38. Re7 Kf4 39. c4 Kf3 40. c5 Rg1+ 41. Kc2 e2 42. Rxe2 Kxe2 43. c6 Rg5 44. b4 Rf5 45. a4 g5 46. c7 Rf8 0-1

[Event "*** SCC Grand Prix: Titled Tuesday Blitz"]
[Site "Chess.com"]
[Date "2020.06.02"]
[Round "1"]
[White "themind1hunter"]
[Black "Klavdia_Nik"]
[Result "1-0"]
[WhiteElo "2501"]
[BlackElo "2067"]
[TimeControl "180+1"]
[EndTime "10:05:56 PDT"]
[Termination "themind1hunter won on time"]

1. d4 Nf6 2. c4 c5 3. d5 b5 4. cxb5 a6 5. bxa6 Bxa6 6. Nc3 d6 7. e4 Bxf1 8. Kxf1 g6 9. Nf3 Bg7 10. g3 O-O 11. Kg2 Qa5 12. Re1 Ng4 13. Bd2 Nd7 14. Qc2 Rfb8 15. b3 Qa6 16. a4 Rb7 17. Rab1 Rab8 18.
Nb5 Nb6 19. Bc3 Nf6 20. Na3 Bh6 21. a5 Na8 22. Nc4 Nc7 23. Nb6 Nb5 24. Nd2 Nxc3 25. Qxc3 Nd7 26. Ndc4 Bg7 27. Qd2 Nxb6 28. axb6 Qb5 29. h4 h5 30. Qe2 Kh7 31. g4 hxg4 32. Qxg4 Qd7 33. Qf3 Ra8 34. h5 1-0

[Event "*** SCC Grand Prix: Titled Tuesday Blitz"]
[Site "Chess.com"]
[Date "2020.06.02"]
[Round "1"]
[White "stolencandy13"]
[Black "silverback96"]
[Result "1-0"]
[WhiteElo "2557"]
[BlackElo "2209"]
[TimeControl "180+1"]
[EndTime "10:05:58 PDT"]
[Termination "stolencandy13 won by resignation"]

1. e4 e6 2. d4 d5 3. Nd2 Nf6 4. e5 Nfd7 5. Bd3 c5 6. c3 Nc6 7. Ne2 cxd4 8. cxd4 f6 9. exf6 Nxf6 10. O-O Bd6 11. Nf3 Qc7 12. Bd2 O-O 13. Rc1 Ng4 14. Ng3 Bd7 15. Bxh7+ Kxh7 16. Ng5+ Kg8 17. Qxg4 e5 18. Qh5 Rfe8 19. Qf7+ Kh8 20. Qg6 Kg8 21. Nh5 Bg4 22. Nf6+ Kf8 23. Nxg4 exd4 24. Rce1 Rxe1 25.
Rxe1 d3 26. Nh7+ Kg8 27. Nh6+ Kh8 28. Nf7+ Qxf7 29. Qxf7 Kxh7 30. Qf5+ Kg8 31. Qxd5+ 1-0

[Event "*** SCC Grand Prix: Titled Tuesday Blitz"]
[Site "Chess.com"]
[Date "2020.06.02"]
[Round "1"]
[White "hermionegrangermagic"]
[Black "Panterov"]
[Result "1-0"]
[WhiteElo "2513"]
[BlackElo "2120"]
[TimeControl "180+1"]
[EndTime "10:05:59 PDT"]
[Termination "hermionegrangermagic won by checkmate"]

1. e4 e6 2. d4 d5 3. Nc3 Bb4 4. e5 c5 5. a3 Bxc3+ 6. bxc3 Qc7 7. Nf3 Ne7 8. a4 Nbc6 9. Bb5 Bd7 10. Ba3 b6 11. O-O O-O 12. dxc5 bxc5 13. Bxc5 Rfe8 14. Bd6 Qa5 15. Bd3 Qxc3 16. Ra3 Qa5 17. Bxh7+ Kxh7 18. Ng5+ Kg6 19. Qg4 f5 20. exf6 Kxf6 21. Nh7+ Kf7 22.
Qh5+ g6 23. Ng5+ Kf6 24. Qh7 Kxg5 25. Qf7 Nf5 26. Rg3+ Nxg3 27. Qf4+ Kh5 28. fxg3 Qb6+ 29. Kh1 Qd4 30. g4+ Kh4 31. Qh6+ Kxg4 32. h3# 1-0

[Event "*** SCC Grand Prix: Titled Tuesday Blitz"]
[Site "Chess.com"]
[Date "2020.06.02"]
[Round "1"]
[White "Vesper2018"]
[Black "kushagramohan"]
[Result "1-0"]
[WhiteElo "2340"]
[BlackElo "2643"]
[TimeControl "180+1"]
[EndTime "10:06:00 PDT"]
[Termination "Vesper2018 won by resignation"]

1. e4 e5 2. Nf3 Nc6 3. Bc4 Bc5 4. d3 Nf6 5. Bg5 h6 6. Bh4 Be7 7. c3 O-O 8. O-O d6 9. Bg3 a6 10. Bb3 Nh5 11. Nbd2 Nxg3 12. fxg3 Kh8 13. Nc4 f5 14. Ne3 Bg5 15. Nxg5 Qxg5 16. Nd5 f4 17. Nxc7 Bg4 18. Qe1 Na5 19. Nxa8 Nxb3 20. axb3 Rxa8 21. gxf4 exf4 22. Qd2 Rf8 23. Rf2 Bh3 24. Kh1 Be6 25. Raf1 Bxb3 26. Rxf4 Rxf4 27. Qxf4 Qg6 28. Qf8+ Bg8 29. Rf5 Qg4 30.
Rf3 Qh4 31. g3 Qg4 32. Qf5 1-0

[Event "*** SCC Grand Prix: Titled Tuesday Blitz"]
[Site "Chess.com"]
[Date "2020.06.02"]
[Round "1"]
[White "eightbyeightchess"]
[Black "Lestofante90"]
[Result "0-1"]
[WhiteElo "2401"]
[BlackElo "2800"]
[TimeControl "180+1"]
[EndTime "10:06:01 PDT"]
[Termination "Lestofante90 won by resignation"]

1. e4 c5 2. Nf3 Nc6 3. d4 cxd4 4.
Nxd4 Nf6 5. Nc3 d6 6. Be2 g6 7.
Be3 Bg7 8. Nb3 O-O 9. f4 a6 10. a4 Be6 11. O-O Rc8 12. a5 Bxb3 13. Bb6 Bxc2 14.
Qxc2 Qd7 15. Qd2 Nb4 16. Bf3 Qe6 17. Rae1 Nd7 18. Bf2 Nc5 19. f5 Qb3 20. Nd5 Nxd5 21. exd5 Rfe8 22. fxg6 hxg6 23. Bd4 Qd3 24. Qxd3 Nxd3 25.
Re4 Bxd4+ 26. Rxd4 Ne5 27. Rb4 Rc7 28. Kf2 Nd3+ 0-1

[Event "*** SCC Grand Prix: Titled Tuesday Blitz"]
[Site "Chess.com"]
[Date "2020.06.02"]
[Round "1"]
[White "TigranMukhutdinov"]
[Black "yonaltimur"]
[Result "1-0"]
[WhiteElo "2458"]
[BlackElo "1497"]
[TimeControl "180+1"]
[EndTime "10:06:01 PDT"]
[Termination "TigranMukhutdinov won on time"]

1. Nf3 d5 2. g3 c5 3. Bg2 Nc6 4.
d4 e6 5. O-O Nf6 6. c4 dxc4 7.
dxc5 Bxc5 8. Qxd8+ Kxd8 9. Nbd2 Ke7 10. Nxc4 Rd8 11. b3 Bd7 12. Bb2 Be8 13. Rac1 Rac8 14. Nce5 Nxe5 15. Nxe5 Nd5 16. Rxc5 Rxc5 17. Ba3 b6 18.
Nd3 Rc8 19. Nxc5 bxc5 20. Rc1 Kd6 21. e4 Nb6 22. f4 f6 23. Kf2 Bb5 24. Ke3 h5 25. Bf3 g6 26. h4 a5 27. f5 exf5 28.
exf5 gxf5 29. Bxh5 Nd5+ 30. Kf2 Rc7 31. Rd1 Ke5 32.
Bf3 Nb4 33. Bc1 Ke6 34. Bf4 Re7 35. Re1+ 1-0

[Event "*** SCC Grand Prix: Titled Tuesday Blitz"]
[Site "Chess.com"]
[Date "2020.06.02"]
[Round "1"]
[White "GM_Buhmann"]
[Black "2nd_life"]
[Result "1-0"]
[WhiteElo "2853"]
[BlackElo "2421"]
[TimeControl "180+1"]
[EndTime "10:06:02 PDT"]
[Termination "GM_Buhmann won on time"]

1. e4 e5 2. Nf3 Nc6 3. Bb5 a6 4. Ba4 Nf6 5. O-O Be7 6. Re1 b5 7.
Bb3 d6 8. a4 b4 9. a5 O-O 10.
d3 Rb8 11. h3 h6 12. Be3 Re8 13. Nbd2 Be6 14. Ba4 Bd7 15. Nb3 d5 16. Nc5 Bxc5 17. Bxc5 d4 18. Qd2 Qc8 19. Bxc6 Bxc6 20. Bxb4 Bd7 21.
Kh2 c5 22. Ba3 Nh5 23. Ng1 Nf4 24. c3 Bb5 25. cxd4 cxd4 26. Bd6 Rb7 27. Bxe5 Nxd3 28.
Bxd4 Nxe1 29. Rxe1 Qd8 30. Qe3 Qxa5 31. Bc3 Qc7+ 32.
e5 Bc6 33. Ne2 Qd7 34. Nd4 Qd5 35. Qg3 Rbe7 36. Nf5 g6 37. Nxh6+ Kh7 38. Ng4 1-0

[Event "*** SCC Grand Prix: Titled Tuesday Blitz"]
[Site "Chess.com"]
[Date "2020.06.02"]
[Round "1"]
[White "Dmitry_Konenkin"]
[Black "novendrapriasmoro"]
[Result "0-1"]
[WhiteElo "2258"]
[BlackElo "2601"]
[TimeControl "180+1"]
[EndTime "10:06:03 PDT"]
[Termination "novendrapriasmoro won on time"]

1. d4 Nf6 2. Bg5 Ne4 3. Bh4 g5 4. f3 gxh4 5. fxe4 Bg7 6. e3 c5 7. c3 Qb6 8. Qb3 d6 9. Bc4 Qxb3 10. axb3 Bh6 11. Kf2 Nd7 12. Nf3 Nf6 13. Nxh4 Nxe4+ 14. Kf3 f5 15. Rd1 Nf6 16. h3 Bd7 17. Nd2 e5 18.
dxe5 dxe5 19. Ke2 b5 20. Bd3 e4 21. Bc2 a5 22. Rf1 Rg8 23. Rf2 Nd5 24. Nf1 Ne7 25.
Rd1 Bg5 26. g3 Bxh4 27. gxh4 Ng6 28. h5 Ne5 0-1

[Event "*** SCC Grand Prix: Titled Tuesday Blitz"]
[Site "Chess.com"]
[Date "2020.06.02"]
[Round "1"]
[White "pedromartinez91"]
[Black "aRk_iN"]
[Result "1-0"]
[WhiteElo "2506"]
[BlackElo "2094"]
[TimeControl "180+1"]
[EndTime "10:06:03 PDT"]
[Termination "pedromartinez91 won by resignation"]

1. e4 c6 2. c4 d5 3. exd5 cxd5 4. cxd5 Nf6 5. Qa4+ Nbd7 6. Nc3 g6 7. Bc4 Bg7 8.
d3 O-O 9. Nf3 a6 10. Qa3 b6 11. O-O Bb7 12. Re1 Re8 13. Ng5 b5 14. Bb3 Nb6 15. d6 e6 16. Bd2 Nbd5 17. Nxd5 Bxd5 18.
Ne4 Bxb3 19. axb3 Nd5 20. Rac1 f5 21. Ng5 b4 22. Qa4 Qxd6 23. Rc6 Qd7 24. Rxa6 Rxa6 25. Qxd7 1-0

[Event "*** SCC Grand Prix: Titled Tuesday Blitz"]
[Site "Chess.com"]
[Date "2020.06.02"]
[Round "1"]
[White "BillieKimbah"]
[Black "Danfii"]
[Result "1-0"]
[WhiteElo "2874"]
[BlackElo "2427"]
[TimeControl "180+1"]
[EndTime "10:06:05 PDT"]
[Termination "BillieKimbah won by resignation"]

1. d4 Nf6 2. Nf3 e6 3. Bg5 d5 4. e3 Be7 5. c4 h6 6. Bxf6 Bxf6 7. Nc3 O-O 8. Rc1 b6 9. cxd5 exd5 10. Bd3 Bb7 11.
b4 c6 12. O-O a5 13. b5 c5 14. dxc5 bxc5 15. Na4 c4 16. Bf5 g6 17. Bh3 Nd7 18. Bxd7 Qxd7 19. Nb6 Qxb5 20. Rb1 Qa6 21. Nxa8 Qxa8 22.
Nd4 Rc8 23. Qc2 Qa7 24. Rfd1 Ba6 25. h3 Qc5 26. Qc3 Kg7 27. Rd2 h5 28. Rdb2 Bxd4 29. exd4 Qe7 30. Rb6 Ra8 31. Qxa5 Bb7 32. Qb5 Bc8 33.
Qxd5 Rxa2 34. Qxc4 Be6 35. d5 1-0

[Event "*** SCC Grand Prix: Titled Tuesday Blitz"]
[Site "Chess.com"]
[Date "2020.06.02"]
[Round "1"]
[White "umngqusho"]
[Black "FMOlexandrProhorov"]
[Result "1-0"]
[WhiteElo "2503"]
[BlackElo "2074"]
[TimeControl "180+1"]
[EndTime "10:06:05 PDT"]
[Termination "umngqusho won by checkmate"]

1. e4 c5 2. Nf3 e6 3. d4 cxd4 4. Nxd4 Qb6 5. Nb3 Nf6 6. Be3 Qc7 7. Nc3 Bb4 8. Bd3 d5 9. exd5 Nxd5 10. O-O Nxc3 11. bxc3 Be7 12. Qg4 O-O 13. f4 Bf6 14. Rad1 Nc6 15. Rf3 g6 16. Rh3 Bg7 17. Qh4 h6 18. f5 exf5 19. Bxh6 Bxc3 20. Bf4 Qb6+ 21. Be3 Qc7 22. Qh7# 1-0

[Event "*** SCC Grand Prix: Titled Tuesday Blitz"]
[Site "Chess.com"]
[Date "2020.06.02"]
[Round "1"]
[White "m_ezat"]
[Black "SophieNikoladze"]
[Result "1-0"]
[WhiteElo "2524"]
[BlackElo "2155"]
[TimeControl "180+1"]
[EndTime "10:06:06 PDT"]
[Termination "m_ezat won by resignation"]

1. d4 b5 2. e4 Bb7 3. Bd3 e6 4. Nf3 c5 5. c3 c4 6. Bc2 Nf6 7.
Qe2 Be7 8. O-O O-O 9. e5 Nd5 10. Qe4 g6 11. Qg4 f5 12. Qg3 Nc6 13. h4 Qc7 14. h5 Kf7 15. Bg5 Rg8 16. Bxe7 Kxe7 17.
Qh4+ Ke8 18. Ng5 Nce7 19. Nxh7 gxh5 20. Nd2 Nf4 21. Nf6+ Kf7 22. Nxg8 Rxg8 23. g3 Ned5 24. Bd1 Ng6 25. Bxh5 Qc6 26. f3 Ne3 27. Qf6+ Ke8 28.
Bxg6+ Rxg6 29. Qxg6+ Kd8 30. Qg7 Nxf1 31. Qf8+ Kc7 32.
Qd6+ Qxd6 33. exd6+ Kxd6 34. Kxf1 a5 35. Kf2 Bd5 36. a3 Ke7 37. Rh1 Kf6 38. Rh8 Bc6 39.
Rb8 a4 40. Nf1 Kg5 41. f4+ Kf6 42. Ne3 Kg6 43. Nc2 Kf6 44. Nb4 Be4 45. Rxb5 1-0

[Event "*** SCC Grand Prix: Titled Tuesday Blitz"]
[Site "Chess.com"]
[Date "2020.06.02"]
[Round "1"]
[White "pooh2012"]
[Black "rpragchess"]
[Result "0-1"]
[WhiteElo "2428"]
[BlackElo "2876"]
[TimeControl "180+1"]
[EndTime "10:06:07 PDT"]
[Termination "rpragchess won by resignation"]

1. Nf3 Nf6 2. g3 b6 3. Bg2 Bb7 4. d3 c5 5. e4 d6 6. O-O g6 7. a4 Bg7 8. c3 O-O 9. Nh4 Qc7 10.
f4 Nbd7 11. Nd2 e5 12. c4 exf4 13. gxf4 a6 14. Ra2 b5 15. b3 Bc6 16. Bb2 bxa4 17. bxa4 Rab8 18. Bc3 Rfe8 19. Qa1 Qd8 20. e5 Bxg2 21.
exf6 Bxf1 22. fxg7 Qxh4 23. Nxf1 Qxf4 24. Rf2 Qg4+ 25.
Rg2 Qf5 26. Qd1 Ne5 27. Rf2 Qg4+ 28. Qxg4 Nxg4 0-1

[Event "*** SCC Grand Prix: Titled Tuesday Blitz"]
[Site "Chess.com"]
[Date "2020.06.02"]
[Round "1"]
[White "Andreikka"]
[Black "zmeeed67"]
[Result "1-0"]
[WhiteElo "2924"]
[BlackElo "2438"]
[TimeControl "180+1"]
[EndTime "10:06:08 PDT"]
[Termination "Andreikka won on time"]

1. c4 e6 2. Nc3 d5 3. d4 c6 4. e3 Nf6 5. Qc2 Nbd7 6. b3 b6 7.
Nf3 Bb7 8. Bd3 Rc8 9. O-O Be7 10. Bb2 O-O 11. Rad1 c5 12. Qe2 cxd4 13. exd4 dxc4 14. bxc4 Qc7 15. Nb5 Qb8 16. d5 Nc5 17. Be5 Qa8 18. Nc7 Rxc7 19. Bxc7 Rc8 20. Bg3 Nxd3 21. Rxd3 Rxc4 22.
dxe6 Re4 23. exf7+ Kf8 24. Qd1 Ba6 25. Ng5 Bxd3 26.
Qxd3 Rg4 27. Nxh7+ Kxf7 28. Nxf6 gxf6 29. Re1 Qc8 30.
Qh7+ Rg7 31. Rxe7+ Kxe7 32. Qxg7+ 1-0

[Event "*** SCC Grand Prix: Titled Tuesday Blitz"]
[Site "Chess.com"]
[Date "2020.06.02"]
[Round "1"]
[White "aNaartjieZA"]
[Black "icychess54"]
[Result "0-1"]
[WhiteElo "2554"]
[BlackElo "2243"]
[TimeControl "180+1"]
[EndTime "10:06:08 PDT"]
[Termination "icychess54 won by checkmate"]

1. e4 c5 2. Nf3 d6 3. g3 Nf6 4. d3 Nc6 5. Bg2 e6 6. O-O Be7 7. Re1 O-O 8. Nbd2 a6 9. a4 Qc7 10.
c3 b6 11. Nf1 Bb7 12. h3 Rfd8 13. g4 b5 14. axb5 axb5 15. Rxa8 Rxa8 16. Ng3 b4 17. d4 bxc3 18. bxc3 Na5 19. Bf4 Nc4 20. Qb3 cxd4 21. cxd4 Ra3 22. Qb1 e5 23. Bg5 h6 24. Bxf6 Bxf6 25.
Rc1 exd4 26. Rxc4 Qxc4 27. Qxb7 d3 28. Nf5 Qc1+ 29. Kh2 d2 30. Nxd6 d1=Q 31. Qxf7+ Kh8 32. Qe8+ Kh7 33. Nf7 Qf4# 0-1

[Event "*** SCC Grand Prix: Titled Tuesday Blitz"]
[Site "Chess.com"]
[Date "2020.06.02"]
[Round "1"]
[White "MFBerna"]
[Black "dalmatinac101"]
[Result "0-1"]
[WhiteElo "2426"]
[BlackElo "2866"]
[TimeControl "180+1"]
[EndTime "10:06:09 PDT"]
[Termination "dalmatinac101 won by resignation"]

1. e4 g6 2. d4 d6 3. Nc3 Bg7 4. Nf3 a6 5. a4 Nc6 6. h3 e5 7. Be3 exd4 8. Nxd4 Nf6 9. Qd2 O-O 10. Nxc6 bxc6 11.
Bd3 Rb8 12. Rb1 d5 13. Bg5 dxe4 14. Nxe4 Nxe4 15. Bxe4 Qe8 16. Qe2 Bc3+ 17. Kf1 Rxb2 18. Rxb2 Bxb2 19. Bh6 Bg7 20. Bxg7 Kxg7 21. g3 Qe6 22.
Kg2 Re8 23. Re1 Qxh3+ 24. Kg1 f5 25. Qc4 Rxe4 26. Rxe4 fxe4 27. Qxc6 Qd7 28. Qxe4 Qd1+ 29. Kg2 Qd6 30. Qe8 Bd7 0-1

[Event "*** SCC Grand Prix: Titled Tuesday Blitz"]
[Site "Chess.com"]
[Date "2020.06.02"]
[Round "1"]
[White "Haykoooo0o"]
[Black "AlexandraBotez"]
[Result "1-0"]
[WhiteElo "2550"]
[BlackElo "2199"]
[TimeControl "180+1"]
[EndTime "10:06:09 PDT"]
[Termination "Haykoooo0o won by resignation"]

1. e4 e6 2. d4 d5 3. e5 c5 4. Nf3 Nc6 5. Bd3 Bd7 6. O-O cxd4 7. Re1 Bc5 8. Nbd2 Nge7 9. Nb3 Bb6 10. a4 a6 11. Bg5 h6 12. Bh4 Qc7 13. Qd2 Na5 14. Nxa5 Bxa5 15. b4 Bb6 16. a5 Ba7 17. Rac1 Qc3 18. Qf4 O-O 19. Bxe7 Rfe8 20. Bf6 gxf6 21.
Qxh6 f5 22. Ng5 1-0

[Event "*** SCC Grand Prix: Titled Tuesday Blitz"]
[Site "Chess.com"]
[Date "2020.06.02"]
[Round "1"]
[White "LiamPutnam2008"]
[Black "Chess2019Player"]
[Result "1-0"]
[WhiteElo "2535"]
[BlackElo "2176"]
[TimeControl "180+1"]
[EndTime "10:06:09 PDT"]
[Termination "LiamPutnam2008 won by resignation"]

1. e4 e6 2. d4 d5 3. Nd2 Be7 4. Ngf3 Nf6 5. Bd3 c5 6. e5 Nfd7 7. c3 Nc6 8. O-O g5 9. dxc5 g4 10. Nd4 Ndxe5 11. Bb5 Bd7 12. Re1 h5 13. b4 Qc7 14. Bb2 Nxd4 15. Bxd7+ Nxd7 16. cxd4 O-O-O 17. b5 Rdg8 18. Rc1 Kb8 19. Qa4 h4 20. b6 axb6 21. cxb6 Nxb6 22. Qa5 Nc4 23. Qxc7+ Kxc7 24. Nxc4 dxc4 25.
d5 Kd7 26. dxe6+ fxe6 27. Bxh8 Rxh8 28. Rxc4 Bd6 29. Rd1 Ke7 30. Rxg4 Rh7 31. Rgd4 1-0

[Event "*** SCC Grand Prix: Titled Tuesday Blitz"]
[Site "Chess.com"]
[Date "2020.06.02"]
[Round "1"]
[White "PlayChessSimple"]
[Black "marszach123"]
[Result "1-0"]
[WhiteElo "2525"]
[BlackElo "2157"]
[TimeControl "180+1"]
[EndTime "10:06:09 PDT"]
[Termination "PlayChessSimple won on time"]

1. e4 c5 2. Nf3 d6 3. c3 Nf6 4.
h3 Nc6 5. Bd3 g6 6. Bc2 Bg7 7.
d4 O-O 8. O-O cxd4 9. cxd4 Nb4 10. Bb3 Bd7 11. Nc3 Rc8 12. a3 Nc6 13. e5 Ne8 14. Re1 a6 15. e6 fxe6 16. Rxe6 Bxe6 17. Bxe6+ Kh8 18. Bxc8 Qxc8 19. Be3 Nf6 20. d5 Nd8 21. Rc1 Qd7 22. Nd4 e5 23. dxe6 Nxe6 24. Nxe6 Qxe6 25. Bd4 Re8 26. Qf3 Ne4 27. Nxe4 Bxd4 28. Ng5 Qf6 29. Qxf6+ Bxf6 30. Nf7+ Kg7 31. Nxd6 Re7 32. b3 h5 33.
a4 Bb2 34. Rc7 Be5 35. Rxe7+ 1-0

[Event "*** SCC Grand Prix: Titled Tuesday Blitz"]
[Site "Chess.com"]
[Date "2020.06.02"]
[Round "1"]
[White "Chess_Boxer123"]
[Black "Maxim_e2e4"]
[Result "1-0"]
[WhiteElo "2692"]
[BlackElo "2339"]
[TimeControl "180+1"]
[EndTime "10:06:10 PDT"]
[Termination "Chess_Boxer123 won by resignation"]

1. e4 e5 2. Nf3 Nc6 3. Bb5 a6 4.
Ba4 Nf6 5. O-O Be7 6. Re1 b5 7.
Bb3 d6 8. c3 O-O 9. h3 Na5 10.
Bc2 c5 11. d4 Qc7 12. b3 Bd7 13. Bb2 Rfc8 14. Bd3 Nc6 15. d5 Nd8 16. c4 g6 17.
Nc3 Qb6 18. Nd2 Nh5 19. Bf1 Nf4 20. Kh2 b4 21. Ncb1 a5 22. g3 Nh5 23. a4 bxa3 24.
Bxa3 f6 25. Nc3 Nf7 26. Bd3 Kh8 27. Kg2 Rg8 28. Nb5 Ng7 29. Nb1 Bxb5 30. cxb5 Ne8 31. Nc3 Nc7 32. Na4 Qb8 33. b6 Na6 34. Bb5 Nd8 35. Bc6 Nb4 36. Bxb4 axb4 37. Bxa8 Qxa8 38. Nxc5 1-0

[Event "*** SCC Grand Prix: Titled Tuesday Blitz"]
[Site "Chess.com"]
[Date "2020.06.02"]
[Round "1"]
[White "econpower"]
[Black "GMJustin"]
[Result "1-0"]
[WhiteElo "2637"]
[BlackElo "2300"]
[TimeControl "180+1"]
[EndTime "10:06:12 PDT"]
[Termination "econpower won on time"]

1. c4 e5 2. g3 h5 3. Bg2 h4 4. Nc3 Nf6 5. Nd5 hxg3 6. hxg3 Rxh1 7. Bxh1 c6 8. Nxf6+ Qxf6 9. d3 Bc5 10. Nf3 d6 11. a3 a5 12. Qa4 Nd7 13. Bg5 Qg6 14.
Bg2 Nb6 15. Qc2 Bf5 16. e4 Bg4 17. Bh4 a4 18. Qd2 f6 19. Nh2 Be6 20. f4 Qh6 21. f5 Be3 22. Qe2 1-0

[Event "*** SCC Grand Prix: Titled Tuesday Blitz"]
[Site "Chess.com"]
[Date "2020.06.02"]
[Round "1"]
[White "Matveev_Vladimir"]
[Black "1f3_2g41-0"]
[Result "1-0"]
[WhiteElo "2596"]
[BlackElo "2256"]
[TimeControl "180+1"]
[EndTime "10:06:12 PDT"]
[Termination "Matveev_Vladimir won by resignation"]

1. d4 Nf6 2. c4 g6 3. Nc3 d5 4. cxd5 Nxd5 5. e4 Nxc3 6. bxc3 Bg7 7. Bg5 O-O 8. Rc1 h6 9. Be3 b6 10. Qd2 Bb7 11. Bxh6 Bxe4 12. h4 Qd5 13. f3 Bf5 14. h5 Qe6+ 15. Kf2 gxh5 16. Bxg7 Kxg7 17. Rxh5 Rh8 18.
Bc4 Qf6 19. Rxh8 Kxh8 20. Ne2 Nc6 21. Rh1+ Kg7 22. Ng3 Bg6 23. Qh6+ Kg8 24. Bd5 Ne5 25. dxe5 Qxe5 26. Qxg6+ 1-0

[Event "*** SCC Grand Prix: Titled Tuesday Blitz"]
[Site "Chess.com"]
[Date "2020.06.02"]
[Round "1"]
[White "Oligan22"]
[Black "Radzio1987"]
[Result "0-1"]
[WhiteElo "2436"]
[BlackElo "2914"]
[TimeControl "180+1"]
[EndTime "10:06:13 PDT"]
[Termination "Radzio1987 won by resignation"]

1. e4 c6 2. d4 d5 3. exd5 cxd5 4. Bd3 Nc6 5. c3 e6 6. Bf4 Bd6 7. Bxd6 Qxd6 8. Nf3 Nge7 9. Nbd2 O-O 10. O-O Bd7 11. Re1 f6 12. Qc2 h6 13. Rad1 Rac8 14. Qb1 Be8 15.
Nb3 Bh5 16. Be2 b6 17. Nfd2 Bf7 18. Bd3 Rce8 19. Re3 e5 20. dxe5 fxe5 21. Bc2 Qc7 22. Rde1 Kh8 23. Nf3 e4 24. Nfd4 Ne5 25. h3 Nc4 26.
R3e2 Qf4 27. Nc1 Qf6 28. b3 Nd6 29. Qb2 Bh5 30. Re3 Qxf2+ 31. Kh1 Nef5 32. Nxf5 Nxf5 33.
Nd3 exd3 34. Rxe8 Bxe8 0-1

[Event "*** SCC Grand Prix: Titled Tuesday Blitz"]
[Site "Chess.com"]
[Date "2020.06.02"]
[Round "1"]
[White "Saxar85"]
[Black "Djager97"]
[Result "1-0"]
[WhiteElo "2725"]
[BlackElo "2372"]
[TimeControl "180+1"]
[EndTime "10:06:13 PDT"]
[Termination "Saxar85 won by resignation"]

1. Nf3 d5 2. g3 Nf6 3. Bg2 e6 4.
O-O Be7 5. c4 dxc4 6. Qa4+ Bd7 7. Qxc4 c5 8. d4 Bc6 9. dxc5 Nbd7 10. b4 a5 11. b5 Bd5 12. Qc2 Nxc5 13. Nc3 Rc8 14.
Nxd5 Nxd5 15. Bb2 O-O 16. Rad1 Qb6 17. Ne5 Bf6 18. Bxd5 exd5 19. Rxd5 Qxb5 20. Bd4 b6 21. Rc1 Qa4 22. Rxc5 Rxc5 23. Qxa4 Rxc1+ 24. Kg2 Rd8 25. Bb2 Rb1 26. Qc2 1-0

[Event "*** SCC Grand Prix: Titled Tuesday Blitz"]
[Site "Chess.com"]
[Date "2020.06.02"]
[Round "1"]
[White "TokChess"]
[Black "kuban1991"]
[Result "0-1"]
[WhiteElo "2359"]
[BlackElo "2719"]
[TimeControl "180+1"]
[EndTime "10:06:13 PDT"]
[Termination "kuban1991 won by resignation"]

1. Nf3 g6 2. g3 Bg7 3. Bg2 c5 4. O-O Nc6 5. c4 e6 6. Nc3 Nge7 7. d4 cxd4 8. Nb5 Nf5 9. g4 a6 10.
Qa4 axb5 11. Qxa8 Nd6 12. cxb5 Nxb5 13. Qa4 Nc7 14. e3 dxe3 15. Bxe3 O-O 16. Rad1 d5 17. b4 Bd7 18. Qb3 e5 19. b5 Na5 20. Qb4 Nc4 21. a4 Bxg4 22. h3 Bh5 23. Rc1 Ne6 24.
Nd2 Nxe3 25. fxe3 Qg5 26. Qb3 d4 27. Ne4 Qh4 28. Qd3 dxe3 29. Qxe3 Nf4 30. Qg3 Ne2+ 0-1

[Event "*** SCC Grand Prix: Titled Tuesday Blitz"]
[Site "Chess.com"]
[Date "2020.06.02"]
[Round "1"]
[White "Drags95"]
[Black "kintoho"]
[Result "1-0"]
[WhiteElo "2659"]
[BlackElo "2327"]
[TimeControl "180+1"]
[EndTime "10:06:13 PDT"]
[Termination "Drags95 won by checkmate"]

1. e4 d6 2. d4 e5 3. Nf3 Nf6 4.
Nc3 Nbd7 5. Bc4 Be7 6. O-O O-O 7. Re1 c6 8. a4 a5 9. h3 Nb6 10. Ba2 Nfd7 11. Be3 Bf6 12. d5 Nc5 13. dxc6 bxc6 14. Bxc5 dxc5 15. Qe2 Ba6 16. Qe3 Qe7 17. Nh2 Rfd8 18.
Rad1 Rd4 19. Ne2 Rxa4 20. Bb3 Rb4 21. Ng3 c4 22. Nf5 Qf8 23. Ba2 Rxb2 24. Ng4 Rxa2 25. Nxf6+ gxf6 26. Qxb6 Bb5 27. Qe3 Ra3 28. c3 Kh8 29.
Rd6 c5 30. Red1 Be8 31. Rd8 Rxd8 32. Rxd8 Ra1+ 33. Kh2 Rb1 34. Qh6 Qxh6 35. Rxe8+ Qf8 36. Rxf8# 1-0

[Event "*** SCC Grand Prix: Titled Tuesday Blitz"]
[Site "Chess.com"]
[Date "2020.06.02"]
[Round "1"]
[White "OparinGrigoriy"]
[Black "Poghosyan_Suren"]
[Result "1-0"]
[WhiteElo "2906"]
[BlackElo "2434"]
[TimeControl "180+1"]
[EndTime "10:06:14 PDT"]
[Termination "OparinGrigoriy won by resignation"]

1. Nf3 Nf6 2. d4 c5 3. e3 g6 4. dxc5 Bg7 5. a3 a5 6. Nc3 Qc7 7. Nb5 Qxc5 8. b4 Qb6 9. Bb2 d6 10. Be2 O-O 11. O-O Nc6 12. c3 Bd7 13. Nbd4 Rfd8 14.
Qb3 a4 15. Qc2 e5 16. Nxc6 Bxc6 17. c4 Rac8 18. Rac1 Bxf3 19. Bxf3 d5 20. Qxa4 dxc4 21. Bxe5 Qe6 22. Bxf6 Bxf6 23. Bxb7 Rc7 24. Bf3 c3 25. b5 Kg7 26. Qb4 Rc4 27. Qb3 Rdc8 28. b6 g5 29. b7 Rb8 30. Rfd1 g4 31. Bd5 c2 32. Bxe6 cxd1=Q+ 33. Rxd1 Rc7 34. Bd5 Rc3 35. Qb4 h5 36. Qf4 1-0

[Event "*** SCC Grand Prix: Titled Tuesday Blitz"]
[Site "Chess.com"]
[Date "2020.06.02"]
[Round "1"]
[White "comsac"]
[Black "Sergey85Rodchenkov"]
[Result "0-1"]
[WhiteElo "2150"]
[BlackElo "2522"]
[TimeControl "180+1"]
[EndTime "10:06:15 PDT"]
[Termination "Sergey85Rodchenkov won by resignation"]

1. e4 c5 2. c3 Nf6 3. e5 Nd5 4. d4 cxd4 5. Nf3 e6 6. cxd4 b6 7.
a3 Bb7 8. Bd3 d6 9. O-O Nd7 10.
Qe2 Be7 11. Bd2 O-O 12. Nc3 dxe5 13. dxe5 Nc5 14. Bc4 Rc8 15. Rfe1 Nxc3 16. Bxc3 Na4 17. Nd2 Nxc3 18. bxc3 Qc7 19. a4 Rfd8 20. Rad1 Bg5 21. Bb5 Qxc3 22. Nf1 g6 23. Rxd8+ Rxd8 24. Rd1 Rxd1 25.
Qxd1 Qxe5 26. Qd7 Qd5 27. Qe8+ Kg7 28. f3 a6 29. Be2 Qd4+ 30. Kh1 Qf2 31. Ng3 Bh4 0-1